[Event "ICCopen2017"]
[Site "Internet Chess Club"]
[Date "2017.04.02"]
[Round "1"]
[White "isodung"]
[Black "RobbieWilliams"]
[Result "1-0"]
[ICCResult "Black resigns"]
[WhiteElo "2915"]
[BlackElo "1796"]
[Opening "Alekhine's defense: Scandinavian variation"]
[ECO "B02"]
[NIC "AL.10"]
[Time "19:03:42"]
[TimeControl "180+0"]

1. e4 Nf6 2. Nc3 d5 3. e5 Ne4 4. Nce2 d4 5. d3 Nc5 6. f4 Nc6 7. Nf3 Bg4 8.
Neg1 Qd5 9. h3 Bd7 10. g3 O-O-O 11. Bg2 Qe6 12. Ne2 Be8 13. a3 h6 14. b4 Na4
15. b5 Na5 16. Nfxd4 Qd7 17. Be3 e6 18. O-O Kb8 19. Rb1 b6 20. Nc6+ Nxc6 21.
bxc6 Qc8 22. c3 Qa6 23. d4 f6 24. Qc2 fxe5 25. fxe5 Be7 26. Nf4 Bf7 27. Rf2
Rhf8 28. Bf1 Qa5 29. Rb5 {Black resigns} 1-0

[Event "ICCopen2017"]
[Site "Internet Chess Club"]
[Date "2017.04.02"]
[Round "1"]
[White "Kiketf"]
[Black "blunder23"]
[Result "1-0"]
[ICCResult "Black checkmated"]
[WhiteElo "2126"]
[BlackElo "1507"]
[Opening "Sicilian"]
[ECO "B54"]
[NIC "SI.01"]
[Time "19:03:36"]
[TimeControl "180+0"]

1. e4 c5 2. Nf3 d6 3. d4 cxd4 4. Nxd4 e5 5. Nb3 a6 6. Be2 Nc6 7. O-O Nf6 8.
Nc3 Be7 9. Bg5 O-O 10. Re1 Nd7 11. Bxe7 Qxe7 12. Nd5 Qd8 13. Ne3 Nf6 14. f3
Be6 15. Qd2 Nd4 16. Nxd4 exd4 17. Qxd4 Qc7 18. Red1 Rfd8 19. Qc3 Qxc3 20.
bxc3 b5 21. a4 Rab8 22. axb5 axb5 23. Rab1 Bc4 24. Bxc4 bxc4 25. Rxb8 Rxb8
26. Nxc4 Ne8 27. Nxd6 Kf8 28. Nxe8 Kxe8 29. c4 Rc8 30. Rd4 Ke7 31. Kf2 Ke6
32. Ke3 f6 33. f4 h5 34. h3 g5 35. g3 gxf4+ 36. gxf4 Rc5 37. c3 Ke7 38. Kd3
Ke6 39. Rd5 Rc6 40. Rxh5 Rd6+ 41. Rd5 Ra6 42. c5 Kf7 43. h4 Rc6 44. Kd4 Kg6
45. h5+ Kh6 46. Rd6 Rxd6+ 47. cxd6 Kh7 48. d7 Kh6 49. d8=Q f5 50. Qg5+ Kh7
51. h6 fxe4 52. Qg7# {Black checkmated} 1-0

[Event "ICCopen2017"]
[Site "Internet Chess Club"]
[Date "2017.04.02"]
[Round "1"]
[White "Tlaloc"]
[Black "JayMarcel"]
[Result "1-0"]
[ICCResult "Black resigns"]
[WhiteElo "2536"]
[BlackElo "1712"]
[Opening "Réti opening"]
[ECO "A05"]
[NIC "QP.11"]
[Time "19:04:18"]
[TimeControl "180+0"]

1. Nf3 Nf6 2. d3 d5 3. g3 b6 4. Bg2 Bb7 5. O-O e6 6. Nbd2 Be7 7. e4 O-O 8.
e5 Nfd7 9. Re1 c5 10. h4 Nc6 11. Nf1 Rb8 12. h5 h6 13. Bf4 Re8 14. N1h2 Nd4
15. Nxd4 cxd4 16. Nf3 Bb4 17. Re2 Bc5 18. Qd2 a5 19. a3 b5 20. g4 b4 21. g5
hxg5 22. Bxg5 Qb6 23. axb4 Bxb4 24. Qf4 Bc5 25. h6 gxh6 26. Bxh6 Bf8 27. Ng5
f5 28. exf6 Bxh6 29. f7+ Kh8 30. fxe8=Q+ Rxe8 31. Nf7+ {Black resigns} 1-0

[Event "ICCopen2017"]
[Site "Internet Chess Club"]
[Date "2017.04.02"]
[Round "1"]
[White "jefferyx"]
[Black "A4-H5"]
[Result "1-0"]
[ICCResult "Black checkmated"]
[WhiteElo "2797"]
[BlackElo "1780"]
[Opening "Old Benoni defense"]
[ECO "A43"]
[NIC "OI.09"]
[Time "19:03:38"]
[TimeControl "180+0"]

1. d4 c5 2. d5 b5 3. e4 b4 4. a3 d6 5. axb4 cxb4 6. Nf3 g6 7. Qd4 Nf6 8.
Qxb4 Bg7 9. Bd3 O-O 10. O-O Nbd7 11. h3 a5 12. Qe1 Ba6 13. Be3 Bxd3 14. cxd3
Qb8 15. Bd4 Ne8 16. Rxa5 Rxa5 17. Qxa5 Bxd4 18. Nxd4 Qxb2 19. Nc3 Qb6 20.
Qxb6 Nxb6 21. Rb1 Nc8 22. Rb7 Ng7 23. f4 Re8 24. Kf2 h5 25. g3 e6 26. Kf3 f5
27. dxe6 Nxe6 28. Nxe6 Rxe6 29. Nd5 fxe4+ 30. dxe4 Kf8 31. Rb8 Re8 32. Nc7
Rd8 33. Ne6+ Ke7 34. Nxd8 Kxd8 35. f5 gxf5 36. exf5 Kc7 37. f6 Kxb8 38. f7
Kc7 39. f8=Q Nb6 40. Qf7+ Nd7 41. Qxh5 Kc6 42. Qf5 Ne5+ 43. Ke4 Nd7 44. g4
Nc5+ 45. Kf4 d5 46. g5 d4 47. g6 d3 48. g7 d2 49. Qc2 Kd5 50. g8=Q+ Kc6 51.
Qc8+ Kd6 52. Q2xc5# {Black checkmated} 1-0

[Event "ICCopen2017"]
[Site "Internet Chess Club"]
[Date "2017.04.02"]
[Round "1"]
[White "penguingm1"]
[Black "isurox"]
[Result "1-0"]
[ICCResult "Black checkmated"]
[WhiteElo "2902"]
[BlackElo "1788"]
[Opening "King's Indian: Sämisch variation"]
[ECO "E80"]
[NIC "KI.54"]
[Time "19:03:28"]
[TimeControl "180+0"]

1. d4 Nf6 2. c4 g6 3. f3 Bg7 4. e4 d6 5. Nc3 c6 6. Be3 a6 7. c5 dxc5 8. dxc5
Nbd7 9. Qc2 O-O 10. Rd1 e5 11. Bc4 Qe7 12. b4 Nh5 13. Nge2 Kh8 14. O-O f5
15. Rd6 fxe4 16. Nxe4 Nf4 17. Nxf4 exf4 18. Bd4 Bxd4+ 19. Rxd4 Ne5 20. Bb3
Be6 21. Rfd1 Bxb3 22. Qxb3 Rad8 23. Rd6 Nf7 24. Qc3+ Ne5 25. Rxd8 Rxd8 26.
Rxd8+ Qxd8 27. Qxe5+ Kg8 28. Nd6 a5 29. Qe6+ Kg7 30. Qf7+ Kh6 31. Qxf4+ Kg7
32. Qe5+ Kh6 33. Nf7# {Black checkmated} 1-0

[Event "ICCopen2017"]
[Site "Internet Chess Club"]
[Date "2017.04.02"]
[Round "1"]
[White "soyleyenda"]
[Black "Barbos"]
[Result "0-1"]
[ICCResult "White checkmated"]
[WhiteElo "1630"]
[BlackElo "2351"]
[Opening "Sicilian: Canal-Sokolsky attack, 3...Bd7"]
[ECO "B52"]
[NIC "SI.01"]
[Time "19:04:02"]
[TimeControl "180+0"]

1. e4 c5 2. Nf3 d6 3. Bb5+ Bd7 4. Bxd7+ Qxd7 5. O-O Nc6 6. h3 Nf6 7. Re1 e6
8. c3 d5 9. exd5 Nxd5 10. d4 cxd4 11. Nxd4 Be7 12. Nxc6 Qxc6 13. Nd2 O-O 14.
Qf3 Rad8 15. a3 b5 16. Ne4 h6 17. a4 b4 18. Bf4 f5 19. Ng3 bxc3 20. bxc3 Bf6
21. Rac1 Rc8 22. Nh5 Nxf4 23. Nxf6+ Rxf6 24. Qxf4 Qc4 25. Qd6 Rc6 26. Qb8+
Kh7 27. Qxa7 Ra6 28. Qd4 Rxa4 29. Qd8 Ra2 30. Qd4 Qc6 31. c4 Rg6 32. g3
Rxg3+ 33. Kf1 Qh1# {White checkmated} 0-1

[Event "ICCopen2017"]
[Site "Internet Chess Club"]
[Date "2017.04.02"]
[Round "1"]
[White "BrentMusburger"]
[Black "ChessIncognito"]
[Result "1-0"]
[ICCResult "Black resigns"]
[WhiteElo "2351"]
[BlackElo "1608"]
[Opening "Pirc: Byrne variation"]
[ECO "B07"]
[NIC "PU.09"]
[Time "19:04:52"]
[TimeControl "180+0"]

1. e4 d6 2. d4 Nf6 3. Nc3 g6 4. Bg5 Bg7 5. e5 dxe5 6. dxe5 Qxd1+ 7. Rxd1 Ng4
8. Nd5 Na6 9. Nxe7 Nxe5 10. Ng8 f6 11. Nxf6+ Bxf6 12. Bxf6 O-O 13. Bxe5 Re8
14. Nf3 Bg4 15. Bc4+ Kf8 16. Rd3 Nc5 17. Re3 Bxf3 18. Rxf3+ Ke7 19. Re3 Kd7
20. O-O c6 21. Rd1+ {Black resigns} 1-0

[Event "ICCopen2017"]
[Site "Internet Chess Club"]
[Date "2017.04.02"]
[Round "1"]
[White "BronStorm"]
[Black "HighGround"]
[Result "1-0"]
[ICCResult "Black resigns"]
[WhiteElo "1930"]
[BlackElo "1354"]
[Opening "Scotch: Pulling counter-attack"]
[ECO "C45"]
[NIC "SO.04"]
[Time "19:04:45"]
[TimeControl "180+0"]

1. e4 e5 2. Nf3 Nc6 3. d4 exd4 4. Nxd4 Qh4 5. Be3 Qxe4 6. Nb5 Bb4+ 7. Nd2
Qe5 8. c3 Ba5 9. Nc4 Qe7 10. Nxa5 Nxa5 11. Nxc7+ Kd8 12. Nxa8 Nc6 13. Qe2
Nf6 14. O-O-O a6 15. Bb6+ Ke8 16. Nc7+ Kf8 17. Nd5 Qxe2 18. Bxe2 Nxd5 19.
Rxd5 Ne7 20. Bc5 Ke8 21. Re5 d6 22. Bxd6 Kd7 23. Bxe7 f6 24. Re3 {Black
resigns} 1-0

[Event "ICCopen2017"]
[Site "Internet Chess Club"]
[Date "2017.04.02"]
[Round "1"]
[White "Magagna"]
[Black "nekochabo"]
[Result "0-1"]
[ICCResult "White resigns"]
[WhiteElo "1746"]
[BlackElo "2682"]
[Opening "Queen's Indian accelerated"]
[ECO "A50"]
[NIC "QP.07"]
[Time "19:03:51"]
[TimeControl "180+0"]

1. d4 Nf6 2. c4 b6 3. Nc3 Bb7 4. f3 d5 5. cxd5 Nxd5 6. e4 Nxc3 7. bxc3 e5 8.
dxe5 Qxd1+ 9. Kxd1 Nd7 10. Bf4 h6 11. Bb5 O-O-O 12. Kc2 Nc5 13. Ne2 g5 14.
Bg3 Bg7 15. Rhd1 h5 16. h3 a6 17. Bc4 Rhf8 18. Rxd8+ Kxd8 19. Rd1+ Kc8 20.
Nd4 h4 21. Bh2 Nxe4 22. fxe4 Bxe4+ 23. Kb2 Bxg2 24. Nf5 Bh8 25. Bxa6+ Kb8
26. Ne7 Bxh3 27. Nc6+ Ka8 28. e6 Bxe6 29. Bxc7 Bc8 30. Bxc8 Rxc8 31. Rd8
Rxd8 32. Bxd8 h3 33. Bc7 Kb7 34. Bg3 Kxc6 35. Kc2 f5 36. Kd3 Be5 37. Bh2
Bxh2 {White resigns} 0-1

[Event "ICCopen2017"]
[Site "Internet Chess Club"]
[Date "2017.04.02"]
[Round "1"]
[White "nikenwidiartto"]
[Black "Sensei24"]
[Result "0-1"]
[ICCResult "White resigns"]
[WhiteElo "1811"]
[BlackElo "3018"]
[Opening "King's pawn opening"]
[ECO "B07"]
[NIC "VO.17"]
[Time "19:03:48"]
[TimeControl "180+0"]

1. e4 d6 2. Nc3 Nf6 3. f4 g6 4. Nf3 Bg7 5. Bc4 O-O 6. d3 c5 7. O-O Nc6 8.
Qe1 Na5 9. Bb3 Nxb3 10. axb3 e6 11. f5 exf5 12. Qh4 Ng4 13. Bg5 f6 14. Bd2
Ne5 15. Nd5 Be6 16. Ne3 fxe4 17. dxe4 Nxf3+ 18. Rxf3 f5 19. Qxd8 Raxd8 20.
exf5 gxf5 21. Bc3 f4 22. Nc4 d5 23. Bxg7 Kxg7 24. Ne5 a6 25. Raf1 c4 26. b4
d4 27. Rxf4 Rxf4 28. Rxf4 d3 29. cxd3 cxd3 30. Rf1 d2 {White resigns} 0-1

[Event "ICCopen2017"]
[Site "Internet Chess Club"]
[Date "2017.04.02"]
[Round "1"]
[White "sonofmarabu"]
[Black "garompon"]
[Result "0-1"]
[ICCResult "White forfeits on time"]
[WhiteElo "1718"]
[BlackElo "2495"]
[Opening "Pirc: Ufimtsev-Pytel variation"]
[ECO "B07"]
[NIC "PU.08"]
[Time "19:03:41"]
[TimeControl "180+0"]

1. e4 d6 2. d4 Nf6 3. Nc3 c6 4. f4 Qa5 5. Nf3 Nxe4 6. Bd2 Nxd2 7. Qxd2 Bg4
8. Be2 e6 9. O-O Bxf3 10. Bxf3 d5 11. Qe3 Be7 12. Rad1 Nd7 13. Bg4 Nf6 14.
Bh3 g6 15. Rf3 O-O-O 16. g4 h5 17. g5 Ng4 18. Bxg4 hxg4 19. Rg3 Bb4 20. a3
Bxc3 21. Qxc3 Qxc3 22. Rxc3 Rh4 23. Rd2 Rdh8 24. Rg3 Kd7 25. Rdg2 Kd6 26.
Rxg4 b6 27. c3 c5 28. Kh1 Rxg4 29. Rxg4 cxd4 30. cxd4 Rc8 31. Rg3 Rc1+ 32.
Kg2 Rc2+ 33. Kh3 Rxb2 34. Rd3 b5 35. Kg4 Rxh2 36. Rc3 Rd2 37. Rc5 a6 38. Rc8
Rxd4 39. Rd8+ Ke7 40. Ra8 e5 41. Ra7+ Kf8 42. Rxa6 Rxf4+ 43. Kg3 Ra4 44. Rb6
Rxa3+ 45. Kf2 Rb3 46. Rd6 d4 47. Rd5 Re3 {White forfeits on time} 0-1

[Event "ICCopen2017"]
[Site "Internet Chess Club"]
[Date "2017.04.02"]
[Round "1"]
[White "JimboPi"]
[Black "tigerr"]
[Result "0-1"]
[ICCResult "White checkmated"]
[WhiteElo "1573"]
[BlackElo "2267"]
[Opening "French: Burn variation"]
[ECO "C11"]
[NIC "FR.05"]
[Time "19:04:01"]
[TimeControl "180+0"]

1. d4 Nf6 2. Nc3 e6 3. e4 d5 4. Bg5 dxe4 5. Nxe4 Be7 6. Nxf6+ gxf6 7. Bh4
Nc6 8. c3 b6 9. Nf3 Bb7 10. Bd3 Qd7 11. Qe2 O-O-O 12. Ba6 f5 13. Bxe7 Qxe7
14. a4 Rhg8 15. g3 Rd5 16. b3 Qd6 17. c4 Nxd4 18. Bxb7+ Kxb7 19. Nxd4 Rxd4
20. O-O f4 21. a5 Qc5 22. axb6 axb6 23. Ra4 fxg3 24. hxg3 Rxg3+ 25. fxg3
Rd2+ 26. Qf2 Rxf2 27. Rxf2 Qe3 28. Kg2 Qxb3 29. Rfa2 e5 30. R2a3 Qc2+ 31.
Kf3 e4+ 32. Kf4 f5 33. g4 Qf2+ 34. Ke5 e3 35. gxf5 e2 36. Ra7+ Kc6 37. Ra2
e1=Q+ 38. Kf6 Qd4+ 39. Kf7 Qee5 40. c5 Qg7+ 41. Ke8 Qde5+ 42. Kd8 Qf8#
{White checkmated}
0-1

[Event "ICCopen2017"]
[Site "Internet Chess Club"]
[Date "2017.04.02"]
[Round "1"]
[White "glokoll"]
[Black "intermaster"]
[Result "0-1"]
[ICCResult "White checkmated"]
[WhiteElo "1543"]
[BlackElo "2211"]
[Opening "Benko's opening"]
[ECO "A00"]
[NIC "VO.09"]
[Time "19:04:25"]
[TimeControl "180+0"]

1. g3 e5 2. Bg2 Nc6 3. c4 Bc5 4. Nc3 d6 5. e3 Be6 6. b3 Qd7 7. Nge2 Bh3 8.
O-O h5 9. f4 h4 10. Qe1 Bxg2 11. Kxg2 hxg3 12. Qxg3 Nge7 13. Rh1 Nf5 14. Qf2
Nh4+ 15. Kg1 O-O-O 16. Ng3 Rdg8 17. Nce4 Bb6 18. a3 exf4 19. exf4 Bxf2+ 20.
Kxf2 Qg4 21. d3 Qf3+ 22. Ke1 Qxd3 23. Nd2 Nf3+ 24. Kd1 Nxd2 25. Bxd2 Qxb3+
26. Ke2 Qxc4+ 27. Kf2 Qc2 28. Nf1 Re8 29. Rc1 Qe4 30. Rg1 Qe2+ 31. Kg3 Nd4
32. h4 Nf5+ 33. Kh3 Rxh4# {White checkmated} 0-1

[Event "ICCopen2017"]
[Site "Internet Chess Club"]
[Date "2017.04.02"]
[Round "1"]
[White "Commando"]
[Black "egyptiantiger"]
[Result "1-0"]
[ICCResult "Black resigns"]
[WhiteElo "2509"]
[BlackElo "1701"]
[Opening "Sicilian: closed, 2...Nc6"]
[ECO "B23"]
[NIC "SI.44"]
[Time "19:03:32"]
[TimeControl "180+0"]

1. e4 c5 2. Nc3 Nc6 3. Bb5 g6 4. Bxc6 dxc6 5. d3 Bg7 6. f4 Nf6 7. Nf3 Bg4 8.
Be3 b6 9. h3 Bxf3 10. Qxf3 Qd7 11. O-O-O O-O-O 12. g4 Kb8 13. d4 cxd4 14.
Bxd4 Qb7 15. Be5+ Ka8 16. Rxd8+ Rxd8 17. Rd1 Rxd1+ 18. Qxd1 a6 19. Qd8+ Ka7
20. Na4 c5 21. Bc7 a5 22. Bxb6+ Ka6 23. Nxc5+ Kb5 24. Nxb7 {Black resigns}
1-0

[Event "ICCopen2017"]
[Site "Internet Chess Club"]
[Date "2017.04.02"]
[Round "1"]
[White "Mmario"]
[Black "vbtry3"]
[Result "1-0"]
[ICCResult "Black forfeits on time"]
[WhiteElo "2714"]
[BlackElo "1761"]
[Opening "Catalan: closed, 5.Nf3"]
[ECO "E06"]
[NIC "CA.05"]
[Time "19:03:31"]
[TimeControl "180+0"]

1. d4 d5 2. c4 e6 3. Nf3 Nf6 4. g3 Be7 5. Bg2 O-O 6. O-O dxc4 7. Qc2 a6 8.
Qxc4 b5 9. Qc2 Bb7 10. Bf4 Nc6 11. Rd1 Rc8 12. a3 Nd5 13. Bd2 Bf6 14. e4 Nb6
15. Bc3 Nb8 16. Bb4 Re8 17. Nc3 Be7 18. Ne1 Nc6 19. Bc5 Na5 20. Nd3 Nd7 21.
b4 Nc4 22. a4 c6 23. e5 Qc7 24. Ne4 Nxc5 25. bxc5 a5 26. Nd6 Bxd6 27. cxd6
Qd7 28. Nc5 {Black forfeits on time} 1-0

[Event "ICCopen2017"]
[Site "Internet Chess Club"]
[Date "2017.04.02"]
[Round "1"]
[White "blunderville"]
[Black "Vogel"]
[Result "0-1"]
[ICCResult "White resigns"]
[WhiteElo "1525"]
[BlackElo "2164"]
[Opening "Caro-Kann: exchange variation"]
[ECO "B13"]
[NIC "CK.02"]
[Time "19:04:53"]
[TimeControl "180+0"]

1. e4 c6 2. d4 d5 3. exd5 cxd5 4. Bd3 Nc6 5. Ne2 Nf6 6. O-O Bg4 7. c3 e6 8.
Bg5 Be7 9. h3 Bh5 10. Nd2 O-O 11. Qc2 Bg6 12. Bxg6 hxg6 13. f4 Rc8 14. Qd3
a6 15. Nf3 Ne4 16. Bxe7 Qxe7 17. Ne5 b5 18. Ng3 Nd6 19. Nxc6 Rxc6 20. Rac1
Qc7 21. h4 Nf5 22. h5 b4 23. hxg6 fxg6 24. Nxf5 exf5 25. Rfe1 Kf7 26. Re5
bxc3 27. bxc3 Rd8 28. Qe3 Rd7 29. Kh2 Qc8 30. Qg3 Qh8+ 31. Kg1 Rb6 32. Rce1
Qf8 33. Re6 Rxe6 34. Rxe6 Kxe6 35. Qxg6+ Qf6 36. Qe8+ Re7 37. Qc6+ Kf7 38.
Qxd5+ Qe6 39. Qa8 Qxa2 40. Qh8 Qb1+ 41. Kh2 Qe4 42. Qh5+ Kg8 {White resigns}
0-1

[Event "ICCopen2017"]
[Site "Internet Chess Club"]
[Date "2017.04.02"]
[Round "1"]
[White "iliketal"]
[Black "Darnoc"]
[Result "0-1"]
[ICCResult "White resigns"]
[WhiteElo "1793"]
[BlackElo "2910"]
[Opening "Anderssen's opening"]
[ECO "A00"]
[NIC "VO.14"]
[Time "19:04:10"]
[TimeControl "180+0"]

1. a3 d5 2. b4 e5 3. Bb2 Bd6 4. e3 Nf6 5. c4 c6 6. Nf3 Nbd7 7. d4 e4 8. Nfd2
O-O 9. Be2 Re8 10. Nc3 Nf8 11. b5 Be6 12. a4 Qd7 13. Ba3 Bc7 14. cxd5 cxd5
15. Nb3 b6 16. Na2 Ng6 17. h4 Ng4 18. h5 Ne7 19. Nb4 Rac8 20. Rc1 Bd6 21.
Qd2 Rxc1+ 22. Qxc1 Rc8 23. Qd2 h6 24. Bb2 Nf6 25. Na6 Bg4 26. Rh4 Bxe2 27.
Qxe2 Qf5 28. Nc1 Qg5 29. g3 Bxg3 30. fxg3 Qxg3+ 31. Qf2 Qxf2+ 32. Kxf2 Rc2+
33. Kg3 Nf5+ {White resigns} 0-1

[Event "ICCopen2017"]
[Site "Internet Chess Club"]
[Date "2017.04.02"]
[Round "1"]
[White "Heian"]
[Black "makingnosense"]
[Result "0-1"]
[ICCResult "White forfeits on time"]
[WhiteElo "1508"]
[BlackElo "2106"]
[Opening "Sicilian"]
[ECO "B50"]
[NIC "SI.01"]
[Time "19:04:14"]
[TimeControl "180+0"]

1. e4 c5 2. Nf3 d6 3. c3 Nf6 4. Bd3 Bg4 5. h3 Bxf3 6. Qxf3 Nc6 7. Bc2 g6 8.
d3 Bg7 9. O-O O-O 10. Qd1 Nd7 11. a3 b5 12. Bb3 a5 13. Nd2 b4 14. axb4 axb4
15. Rxa8 Qxa8 16. Qc2 Rb8 17. f4 Qa5 18. Nc4 Qc7 19. f5 Nde5 20. fxg6 hxg6
21. Nxe5 Nxe5 22. Bf4 e6 23. Qd1 Qe7 24. d4 cxd4 25. cxd4 Nc6 26. Be3 Qa7
27. Rf2 Bxd4 28. Bxd4 Qxd4 {White forfeits on time} 0-1

[Event "ICCopen2017"]
[Site "Internet Chess Club"]
[Date "2017.04.02"]
[Round "1"]
[White "SasaMike"]
[Black "Last7Samurai"]
[Result "0-1"]
[ICCResult "White resigns"]
[WhiteElo "1746"]
[BlackElo "2681"]
[Opening "French: Tarrasch"]
[ECO "C03"]
[NIC "FR.14"]
[Time "19:04:16"]
[TimeControl "180+0"]

1. e4 e6 2. d4 d5 3. Nd2 Be7 4. Ngf3 Nf6 5. e5 Nfd7 6. Bd3 c5 7. c3 Nc6 8.
O-O g5 9. h3 h5 10. Nh2 cxd4 11. cxd4 Nxd4 12. Ndf3 Nxf3+ 13. Nxf3 g4 14.
Nd4 Nxe5 15. Re1 Bd6 16. Bb5+ Bd7 17. Bf4 Qf6 18. Bg3 h4 19. Bxe5 Bxe5 20.
Bxd7+ Kxd7 21. Qa4+ Ke7 22. Nb5 Qf4 23. Qa3+ Kf6 24. g3 hxg3 25. fxg3 Qxg3+
26. Qxg3 Bxg3 27. Rf1+ Ke7 28. hxg4 Rag8 29. Rac1 Rxg4 30. Kg2 Be5+ 31. Kf3
Rg3+ 32. Kf2 Rh2+ 33. Ke1 Rxb2 34. Nxa7 Re3+ 35. Kd1 Rd3+ 36. Ke1 Bg3+
{White resigns}
0-1

[Event "ICCopen2017"]
[Site "Internet Chess Club"]
[Date "2017.04.02"]
[Round "1"]
[White "giannouliselias"]
[Black "spoks7th"]
[Result "0-1"]
[ICCResult "White resigns"]
[WhiteElo "1498"]
[BlackElo "2120"]
[Opening "Sicilian defense"]
[ECO "B32"]
[NIC "SI.31"]
[Time "19:03:55"]
[TimeControl "180+0"]

1. e4 c5 2. Nf3 Nc6 3. d4 cxd4 4. c3 dxc3 5. Nxc3 e6 6. Bc4 a6 7. O-O Nge7
8. Bg5 f6 9. Be3 b5 10. Bb3 Ng6 11. Qd2 Be7 12. Rad1 Na5 13. Rfe1 Nxb3 14.
axb3 O-O 15. h3 Qc7 16. Rc1 Qd6 17. Qxd6 Bxd6 18. Rcd1 Be7 19. Ne2 Bb4 20.
Rf1 Rf7 21. Ng3 Bb7 22. Bd2 Bxd2 23. Rxd2 d5 24. exd5 Bxd5 25. b4 Rc7 26.
Rfd1 Rac8 27. Nd4 Rc1 28. Rxc1 Rxc1+ 29. Kh2 Rc4 30. Nb3 Rxb4 31. Nc5 a5 32.
Rc2 Rc4 33. Rxc4 Bxc4 34. f3 Kf7 35. Nge4 Ke7 36. Kg3 a4 37. Nc3 Kd6 38. Kf2
Kxc5 {White resigns} 0-1

[Event "ICCopen2017"]
[Site "Internet Chess Club"]
[Date "2017.04.02"]
[Round "1"]
[White "Radja"]
[Black "ehkopean"]
[Result "1-0"]
[ICCResult "Black checkmated"]
[WhiteElo "2413"]
[BlackElo "1644"]
[Opening "Sicilian: Anderssen variation"]
[ECO "B41"]
[NIC "SI.41"]
[Time "19:03:41"]
[TimeControl "180+0"]

1. e4 c5 2. Nf3 e6 3. d4 cxd4 4. Nxd4 Nf6 5. Bd3 Nc6 6. Nxc6 dxc6 7. Nd2 e5
8. Nc4 Qc7 9. Bd2 Bg4 10. f3 Be6 11. Qe2 Bc5 12. g4 Rd8 13. h4 Bxc4 14. Bxc4
b5 15. Bd3 Bb6 16. h5 a6 17. a4 Bd4 18. c3 Bb6 19. axb5 axb5 20. Bc2 h6 21.
Bb3 Bc5 22. Ra6 Qb7 23. Ra2 Ra8 24. Rxa8+ Qxa8 25. Kd1 Qa1+ 26. Bc1 O-O 27.
Kc2 Rd8 28. Qg2 Qa7 29. g5 hxg5 30. Bxg5 Be7 31. h6 g6 32. Bxf6 Bxf6 33.
Qxg6+ Kf8 34. Qxf6 Qf2+ 35. Kb1 Rd2 36. Qxf7# {Black checkmated} 1-0

[Event "ICCopen2017"]
[Site "Internet Chess Club"]
[Date "2017.04.02"]
[Round "1"]
[White "nr3"]
[Black "unkavalo"]
[Result "0-1"]
[ICCResult "White resigns"]
[WhiteElo "1637"]
[BlackElo "2380"]
[Opening "Caro-Kann: advance variation"]
[ECO "B12"]
[NIC "CK.02"]
[Time "19:04:15"]
[TimeControl "180+0"]

1. e4 c6 2. d4 d5 3. e5 c5 4. dxc5 e6 5. Be3 Ne7 6. Bb5+ Nd7 7. Nc3 Nc6 8.
Bxc6 bxc6 9. Nge2 Nxe5 10. O-O Nd7 11. Na4 Be7 12. b4 O-O 13. f4 a5 14. c3
Ba6 15. Nb6 Nxb6 16. cxb6 axb4 17. cxb4 Bxb4 18. Qc2 Be7 19. Rf3 c5 20. Rh3
g6 21. f5 Qxb6 22. Kh1 d4 23. Bh6 exf5 24. Qxf5 gxf5 25. Rg3+ Qg6 26. Bxf8
Rxf8 27. Rxg6+ hxg6 28. Nf4 Bd6 29. Nd5 Bc4 30. Nf6+ Kg7 31. Nd7 Rd8 32. Nb6
Be6 33. a4 c4 34. h4 c3 35. g3 d3 36. a5 c2 37. a6 d2 38. a7 d1=Q+
{White resigns}
0-1

[Event "ICCopen2017"]
[Site "Internet Chess Club"]
[Date "2017.04.02"]
[Round "1"]
[White "devotional"]
[Black "DrBighands"]
[Result "1-0"]
[ICCResult "Black forfeits on time"]
[WhiteElo "2117"]
[BlackElo "1497"]
[Opening "Sicilian: Najdorf, 7...Qb6"]
[ECO "B97"]
[NIC "SI.08"]
[Time "19:04:21"]
[TimeControl "180+0"]

1. e4 c5 2. Nf3 d6 3. d4 cxd4 4. Nxd4 Nf6 5. Nc3 a6 6. Bg5 e6 7. f4 Qb6 8.
a3 Be7 9. Be2 Nc6 10. Nxc6 bxc6 11. Rb1 h6 12. Bh4 Qe3 13. Qd2 Qxd2+ 14.
Kxd2 Nxe4+ 15. Nxe4 Bxh4 16. Nxd6+ Ke7 17. Nxc8+ Rhxc8 18. g3 Bf6 19. c3 a5
20. Kc2 Rd8 21. Bf3 Rac8 22. Rhe1 g6 23. Re4 Rd7 24. Ra4 Ra7 25. b4
{Black forfeits on time}
1-0

[Event "ICCopen2017"]
[Site "Internet Chess Club"]
[Date "2017.04.02"]
[Round "1"]
[White "akibael"]
[Black "YHWH"]
[Result "1-0"]
[ICCResult "Black resigns"]
[WhiteElo "2163"]
[BlackElo "1520"]
[Opening "Réti opening"]
[ECO "A05"]
[NIC "QP.11"]
[Time "19:04:51"]
[TimeControl "180+0"]

1. Nf3 Nf6 2. b3 d5 3. Bb2 c5 4. e3 Nc6 5. Be2 Qc7 6. O-O e5 7. d4 e4 8. Ne5
b6 9. Nc3 Bd6 10. Nb5 Qb8 11. Nxc6 Bxh2+ 12. Kh1 Qb7 13. Ne5 Bxe5 14. dxe5
Qc6 15. exf6 gxf6 16. c4 f5 17. Qxd5 Qh6+ 18. Kg1 Rg8 19. Nc7+ Ke7 20. Qe5+
Be6 21. Nd5+ Kf8 22. Qd6+ {Black resigns} 1-0

[Event "ICCopen2017"]
[Site "Internet Chess Club"]
[Date "2017.04.02"]
[Round "1"]
[White "xvs"]
[Black "volver"]
[Result "1-0"]
[ICCResult "Black forfeits on time"]
[WhiteElo "1893"]
[BlackElo "1300"]
[Opening "Ruy Lopez: modern Steinitz defense"]
[ECO "C71"]
[NIC "RL.10"]
[Time "19:03:27"]
[TimeControl "180+0"]

1. e4 e5 2. Nf3 Nc6 3. Bb5 a6 4. Ba4 d6 5. h3 Bd7 6. c3 g6 7. O-O Bg7 8. d4
Nge7 9. Bg5 f6 10. Be3 O-O 11. Bb3+ Kh8 12. a3 h6 13. Bc2 f5 14. exf5 gxf5
15. dxe5 dxe5 16. Bc1 Qe8 17. Re1 Rd8 18. Qe2 e4 19. Nh4 Ne5 20. Nd2 Bc6 21.
Nb3 Qf7 22. Bf4 N7g6 23. Nxg6+ Qxg6 24. Kh1 Bf6 25. Nd4 Rg8 26. Rg1 Rde8 27.
Rad1 Bg5 28. Qe3 Bxf4 29. Qxf4 e3 30. Bxf5 Qf6 31. fxe3 Ref8 32. e4 Nc4 33.
Nxc6 bxc6 34. Rd7 {Black forfeits on time} 1-0

[Event "ICCopen2017"]
[Site "Internet Chess Club"]
[Date "2017.04.02"]
[Round "1"]
[White "playwaycool"]
[Black "DaveyJones"]
[Result "1-0"]
[ICCResult "Black forfeits on time"]
[WhiteElo "2182"]
[BlackElo "1527"]
[Opening "Dutch"]
[ECO "A80"]
[NIC "HD.12"]
[Time "19:03:48"]
[TimeControl "180+0"]

1. d4 f5 2. Nf3 Nf6 3. e3 d6 4. Nbd2 g6 5. b3 Bg7 6. Bb2 O-O 7. Bd3 Qe8 8.
O-O h6 9. e4 fxe4 10. Nxe4 Nxe4 11. Bxe4 c6 12. c4 Bg4 13. h3 Bxf3 14. Bxf3
Nd7 15. Re1 Qf7 16. Qe2 Rae8 17. a4 e5 18. Bg4 exd4 19. Be6 Rxe6 20. Qxe6
Nc5 21. Qxf7+ Rxf7 22. Ba3 d3 23. Rad1 Bc3 24. Re8+ Kh7 25. Bxc5 dxc5 26.
Rxd3 Bd4 27. Rf3 Rd7 28. g3 Kg7 29. Kg2 h5 30. h4 a6 31. Re4 b5 32. Rd3 bxc4
33. bxc4 Rf7 34. Rdxd4 cxd4 35. Rxd4 {Black forfeits on time} 1-0

[Event "ICCopen2017"]
[Site "Internet Chess Club"]
[Date "2017.04.02"]
[Round "1"]
[White "ural"]
[Black "giovana64"]
[Result "1-0"]
[ICCResult "Black resigns"]
[WhiteElo "2367"]
[BlackElo "1627"]
[Opening "Scandinavian, Mieses-Kotrc gambit"]
[ECO "B01"]
[NIC "SD.01"]
[Time "19:04:39"]
[TimeControl "180+0"]

1. e4 d5 2. exd5 Qxd5 3. Nc3 Qa5 4. b4 Qxb4 5. Rb1 Qd6 6. Bd3 c6 7. Qf3 Nf6
8. Nge2 e6 9. Ng3 Be7 10. Nge4 Nxe4 11. Nxe4 Qc7 12. Bb2 Nd7 13. Bxg7 Rg8
14. Bc3 Ne5 15. Bxe5 Qxe5 16. O-O f5 17. Ng3 Qd5 18. Qh5+ Kd8 19. Qxh7 e5
20. c4 Qe6 21. Bxf5 Qxc4 22. Rfc1 Bxf5 23. Nxf5 Qe6 24. Nxe7 Qg4 25. Qxg8+
{Black resigns}
1-0